 Dungeon Crawl Stone Soup version 0.14.1-1-g650416f (webtiles) character file.

42122 patrikchr the Severer (level 13, -3/126 HPs)
             Began as a Minotaur Berserker on May 3, 2014.
             Was the Champion of Trog.
             Slain by a red devil
             ... wielding a +0,+0 trident
              (10 damage)
             ... on Level 8 of the Lair of Beasts.
             The game lasted 01:29:14 (21847 turns).

patrikchr the Severer (Minotaur Berserker)         Turns: 21847, Time: 01:29:14

HP  -3/126       AC 18     Str 27      XL: 13   Next: 79%
MP   5/5         EV  8     Int  4      God: Trog [******]
Gold 867         SH  0     Dex 12      Spells:  0 memorised, 12 levels left

rFire  + + .     SeeInvis .     Y - +2,+10 battleaxe of Impatience {vamp, rF+ MR+}
rCold  . . .     Rnd*Rage +     Z - +4 chain mail {rF+}
rNeg   . . .     Conserve .     (no shield)
rPois  .         rCorr    .     (helmet restricted)
rElec  .         rRot     .     t - +0 cloak
SustAb . .       Spirit   .     l - +0 pair of gloves
rMut   .         Warding  .     I - +0 pair of boots
Saprov . . .     Stasis   .     (no amulet)
MR     +....                    S - +2 ring of strength
                                C - ring of regeneration {regen, !d}

@: exhausted, lethally poisoned, very slightly contaminated, hasted and slowed,
weakened, somewhat resistant to hostile enchantments, extremely unstealthy
A: retaliatory headbutt, horns 2, berserk 1, deformed body, herbivore 1
a: Burn Spellbooks, Berserk, Trog's Hand, Brothers in Arms, Renounce Religion


You were on level 8 of the Lair of Beasts.
You worshipped Trog.
Trog was exalted by your worship.
You were near starving.

You visited 3 branches of the dungeon, and saw 19 of its levels.

You collected 1046 gold pieces.
You spent 179 gold pieces at shops.

Inventory:

Hand weapons
 a - the +8,+1 great sword "Naskyadd" {venom, rPois Int+2}
   (Trog gifted it to you on level 7 of the Lair of Beasts)

   It poisons the flesh of those it strikes.
   It affects your intelligence (+2).
   It protects you from poison.
 p - a +0,+5 war axe of freezing
   (Trog gifted it to you on level 7 of the Lair of Beasts)
 Y - the +2,+10 battleaxe of Impatience (weapon) {vamp, rF+ MR+}
   (Trog gifted it to you on level 8 of the Dungeon)

   It inflicts no extra harm, but heals its wielder somewhat when it strikes a
   living foe.
   It protects you from fire.
   It affects your resistance to hostile enchantments.
Missiles
 r - a throwing net {!f, !d}
 u - 12 darts of dispersal (quivered) {!f}
 K - 66 poisoned needles
Armour
 e - the -3 ring mail "Cauhi" {rElec rPois Str+4}
   (You found it on level 4 of the Lair of Beasts)

   It affects your strength (+4).
   It insulates you from electricity.
   It protects you from poison.
 l - a +0 pair of gloves (worn)
   (You found it on level 4 of the Lair of Beasts)
 t - a +0 cloak (worn)
   (You found it on level 3 of the Dungeon)
 I - a +0 pair of boots (worn)
   (You found it on level 5 of the Lair of Beasts)
 Z - a +4 chain mail of fire resistance (worn)
   (You found it on level 8 of the Dungeon)
Magical devices
 b - a wand of heal wounds (2)
   (You found it on level 9 of the Dungeon)
 x - a wand of invisibility (7) {unknown}
   (You found it on level 8 of the Lair of Beasts)
 T - a wand of hasting (3)
   (You found it on level 8 of the Dungeon)
Comestibles
 g - 3 meat rations
 s - a sausage
 z - 3 chunks of crocodile flesh
 A - 3 rotting chunks of catoblepas flesh
 U - a slice of pizza
 W - 9 sultanas
Scrolls
 c - 4 scrolls of recharging
 i - a scroll of identify
 m - 5 scrolls of remove curse
 n - a scroll of enchant armour {unknown}
 o - 6 scrolls of teleportation
 w - 3 scrolls of fog
 D - a scroll of vulnerability {!r}
 J - 4 scrolls of magic mapping {!r}
 M - 2 scrolls of blinking {!r}
Jewellery
 C - a ring of regeneration (left hand) {regen, !d}
   (You found it on level 8 of the Dungeon)
 R - an uncursed amulet of guardian spirit {Spirit}
   (You found it on level 6 of the Lair of Beasts)
 S - a +2 ring of strength (right hand)
   (You found it on level 3 of the Lair of Beasts)
Potions
 d - 7 potions of curing
 f - 5 potions of restore abilities
 h - 3 potions of invisibility
 j - 4 potions of haste
 k - 2 potions of confusion {unknown}
 q - 9 potions of heal wounds
 v - a potion of berserk rage {unknown}
 E - 2 potions of strong poison {unknown}
 O - 3 potions of flight
Miscellaneous
 X - a crystal ball of energy
   (You found it on level 6 of the Lair of Beasts)


   Skills:
 - Level 15.1 Fighting
 + Level 17.9 Axes
 - Level 15.0 Armour
 - Level 2.1 Dodging


You had 12 spell levels left.
You didn't know any spells.

Dungeon Overview and Level Annotations

Branches:
Dungeon (10/15)            Temple (1/1) D:6            Lair (8/8) D:10
 Shoals (0/5) Lair:5        Snake (0/5) Lair:5        Slime (0/6) Lair:8
    Orc: D:9-12

Altars:
Ashenzari
Cheibriados
Dithmenos
Elyvilon
Fedhas
Makhleb
Nemelex Xobeh
Sif Muna
Trog
Vehumet
Xom
Yredelemnul
Zin

Shops:
D:4 [?%(


Innate Abilities, Weirdness & Mutations

You reflexively headbutt those who attack you in melee.
You have a pair of horns on your head.
You tend to lose your temper in combat.
Armour fits poorly on your strangely shaped body.
You digest meat inefficiently.


Message History

You feel sick.
The orange demon stings you but does no damage.
You take 1 damage, and have 75/188 hp.
You are no longer berserk.
You are exhausted.
You feel yourself slow down.
You are feeling very hungry.
You feel sick.
The red devil hits you from afar with a trident.
You take 27 damage, and have 48/188 hp.
Drink which item? (? for menu, Esc to quit)
You feel much better.
You feel sick.
The orange demon stings you but does no damage.
The orange demon hits you but does no damage.
The orange demon stings you from afar.
The red devil hits you from afar with a trident!
The red devil hits you from afar with a trident.
The orange demon closely misses you. The orange demon hits you.
The orange demon stings you from afar.
You regained 2 hp, and now have 50/188 hp.
You hit the orange demon. You headbutt the orange demon.
You feel sick. The red devil closely misses you.
The red devil hits you but does no damage.
The orange demon stings you but does no damage.
The orange demon barely misses you. The orange demon hits you.
You take 5 damage, and have 45/188 hp.
Drink which item? (? for menu, Esc to quit)
You feel much better.
You feel sick.
The red devil hits you from afar with a trident! x2
The orange demon stings you but does no damage. x2
The orange demon hits you but does no damage.
The red devil hits you but does no damage. x2
The orange demon closely misses you.
You regained 4 hp, and now have 49/188 hp.
You hit the orange demon.
You feel sick.
The orange demon stings you but does no damage.
The orange demon hits you but does no damage.
The orange demon stings you but does no damage.
The red devil hits you from afar with a trident. x2
The orange demon barely misses you. The orange demon completely misses you.
You take 5 damage, and have 44/188 hp.
You barely miss the orange demon.
You headbutt the orange demon, but do no damage.
You feel sick. The orange demon barely misses you.
The red devil hits you from afar with a trident.
The orange demon barely misses you.
The orange demon hits you but does no damage.
The red devil closely misses you.
You take 1 damage, and have 43/188 hp.
You slash the orange demon!
You headbutt the orange demon, but do no damage.
You feel sick. The orange demon completely misses you.
The orange demon stings you but does no damage.
The orange demon misses you.
The red devil hits you but does no damage. x2
You take 1 damage, and have 42/188 hp.
You slice the orange demon!! You headbutt the orange demon.
You feel sick.
The orange demon stings you but does no damage. x2
The orange demon hits you.
The red devil hits you but does no damage.
The red devil misses you.
You take 1 damage, and have 41/188 hp.
You hit the orange demon. You headbutt the orange demon.
You feel sick.
The orange demon stings you but does no damage.
The orange demon closely misses you. x2
The red devil hits you from afar with a trident!
* * * LOW HITPOINT WARNING * * *
The red devil hits you from afar with a trident.
* * * LOW HITPOINT WARNING * * *
The orange demon stings you but does no damage.
You take 15 damage, and have 26/188 hp.
Drink which item? (? for menu, Esc to quit)
You feel yourself speed up.
You feel sick. The orange demon stings you.
* * * LOW HITPOINT WARNING * * *
The orange demon hits you but does no damage.
The red devil hits you but does no damage.
The red devil hits you from afar with a trident.
* * * LOW HITPOINT WARNING * * *
The orange demon stings you but does no damage. x2
The orange demon hits you but does no damage.
You are very lightly contaminated with residual magic.
You take 7 damage, and have 19/188 hp.
The orange demon stings you but does no damage.
The red devil barely misses you.
The orange demon stings you but does no damage.
The orange demon hits you but does no damage.
You feel sick.
The orange demon stings you but does no damage.
You feel sick.
You take 1 damage, and have 19/188 hp.
You feel sick.
You feel sick. The orange demon closely misses you.
The orange demon barely misses you.
You are near starving!
You feel sick.
The red devil hits you from afar with a trident!
* * * LOW HITPOINT WARNING * * *
You take 14 damage, and have 7/188 hp.
The red devil hits you from afar with a trident!
You die...

..♣ ♣♣♣♣..♣ ...♣♣
♣♣♣♣♣....
♣♣...♣♣♣♣♣♣♣♣♣♣♣♣...♣.
♣♣...♣♣♣♣♣♣♣♣♣..♣.♣♣♣
♣♣....♣♣♣...♣♣♣..♣♣
♣♣.......♣♣♣♣♣..♣
♣♣♣♣.♣♣.♣♣♣♣♣♣♣..
#########'♣♣♣♣♣♣♣♣♣♣♣♣.
#.....@..#♣♣♣♣♣♣ ♣♣♣..♣
+.448.8..#♣♣ ♣♣♣..♣♣
########.4848...#
♣♣♣.♣♣♣
.......#...8.8..#
♣♣♣..♣♣♣
........#..8.8...#
♣♣...♣♣♣
..._....'..)8.8..#
♣♣....♣♣
.§§.....#..8.8...#
♣♣♣.8)♣♣
≈§.....#........#
♣♣♣♣♣♣♣♣
§≈≈≈#############
♣♣♣♣♣♣♣


You could see 2 orange demons and 2 red devils.

Vanquished Creatures
  Gastronok (Lair:1)
  A dire elephant (Lair:8)
  5 hydras
  Erica (Lair:6)
  6 death yaks
  A catoblepas (Lair:8)
  Nergalle (Lair:2)
  A sun demon (Lair:8)
  An unseen horror (D:10)
  2 hill giants (D:10)
  A wizard (Lair:8)
  A cyclops (D:8)
  7 elephants
  11 spiny frogs
  A smoke demon (Lair:8)
  An item mimic (Lair:2)
  An orange demon (Lair:8)
  3 fire drakes
  A hellwing (Lair:8)
  2 blue devils (Lair:8)
  Grinder (D:4)
  A merfolk (Lair:5)
  6 komodo dragons
  3 trolls (D:10)
  A two-headed ogre (D:10)
  2 wandering mushrooms (Lair:4)
  4 blink frogs (Lair:8)
  2 basilisks
  2 sharks
  A spriggan (D:8)
  6 yaks (Lair:7)
  A wyvern (D:9)
  An elephant slug (Lair:8)
  Eustachio (D:4)
  4 hippogriffs
  Edmund (D:4)
  4 nagas (Lair:5)
  13 wolves
  A necrophage (D:8)
  9 water moccasins
  A mottled dragon (D:8)
  3 sky beasts
  9 porcupines
  2 phantoms
  A hell hound (Lair:8)
  A yellow wasp (D:9)
  2 giant goldfish
  8 ogres
  3 orc warriors
  A black bear (D:8)
  2 ice beasts
  5 centaurs
  Sigmund (D:3)
  6 giant slugs
  12 crocodiles
  14 giant frogs
  A hell hound zombie (Lair:8)
  2 scorpions
  A water moccasin skeleton (D:4)
  A wight (D:8)
  A yak skeleton (D:10)
  3 electric eels
  A troll skeleton (D:7)
  A goliath beetle (D:9)
  6 crimson imps
  15 hounds
  3 jellies
  An elf zombie (D:10)
  9 orc priests
  8 orc wizards
  A quasit (D:10)
  An iron imp (D:4)
  3 big fish
  Natasha (D:5)
  6 iguanas
  7 spectral orcs (Lair:2)
  4 worker ants
  14 sheep
  Jessica (D:5)
  A crocodile skeleton (D:10)
  A hound zombie (D:5)
  A mummy (D:8)
  2 worker ant zombies
  31 adders
  4 gnolls (D:6)
  A worm zombie (D:8)
  7 giant mites
  89 green rats
  7 shadow imps
  A white imp (D:4)
  A goliath beetle zombie (D:9)
  4 worms
  2 giant eyeballs
  6 oozes
  25 orcs
  2 ball pythons
  A bat zombie (D:6)
  7 giant cockroaches
  13 hobgoblins
  35 jackals
  11 kobolds
  12 quokkas
  19 bats
  5 giant geckos
  10 giant newts
  2 giant spores
  12 goblins
  A kobold zombie (D:8)
  2 orc skeletons
  An orc zombie (D:8)
  25 rats
  3 ballistomycetes
  9 fungi
  7 plants
635 creatures vanquished.

Vanquished Creatures (others)
  A hydra (Lair:8)
  A fire drake (Lair:8)
  A big fish (Lair:1)
  A green rat (Lair:8)
4 creatures vanquished.

Grand Total: 639 creatures vanquished

Notes
Turn   | Place    | Note
--------------------------------------------------------------
     0 | D:1      | patrikchr, the Minotaur Berserker, began the quest for the Orb.
     0 | D:1      | Reached XP level 1. HP: 19/19 MP: 1/1
   100 | D:1      | Reached skill level 4 in Axes
   231 | D:1      | Reached XP level 2. HP: 21/26 MP: 1/1
   660 | D:2      | Reached skill level 5 in Axes
   665 | D:2      | Reached XP level 3. HP: 16/31 MP: 2/2
   668 | D:2      | Acquired Trog's second power
  1273 | D:2      | Reached XP level 4. HP: 39/39 MP: 2/2
  1311 | D:2      | Reached skill level 6 in Axes
  1675 | D:3      | Noticed Sigmund
  1688 | D:3      | HP: 13/58 [something (9)]
  1690 | D:3      | Killed Sigmund
  1690 | D:3      | Reached skill level 7 in Axes
  1690 | D:3      | Reached XP level 5. HP: 15/45 MP: 2/2
  2459 | D:4      | Noticed Edmund
  2472 | D:4      | HP: 6/45 [Edmund/glowing flail (9)]
  2473 | D:4      | Killed Edmund
  2473 | D:4      | Reached skill level 8 in Axes
  2473 | D:4      | Reached XP level 6. HP: 4/51 MP: 3/3
  2951 | D:4      | Found Unnalol's Magic Scroll Shoppe.
  2963 | D:4      | Found Qefeppi's Antique Armour Emporium.
  2976 | D:4      | Bought a scale mail for 116 gold pieces
  3030 | D:4      | Paralysed by a giant eyeball for 4 turns
  3137 | D:4      | Noticed an ogre
  3144 | D:4      | Killed an ogre
  3144 | D:4      | Reached skill level 9 in Axes
  3202 | D:4      | Noticed a phantom
  3245 | D:4      | Killed a phantom
  3245 | D:4      | Reached XP level 7. HP: 46/57 MP: 3/3
  3327 | D:4      | Reached skill level 10 in Axes
  3371 | D:4      | Acquired Trog's third power
  3383 | D:4      | Found Klig's Food Shop.
  3431 | D:4      | Found Ghot's Antique Weapon Shoppe.
  3904 | D:4      | Noticed Eustachio
  3941 | D:4      | Killed Eustachio
  3941 | D:4      | Reached skill level 11 in Axes
  4151 | D:4      | Noticed Grinder
  4151 | D:4      | Paralysed by Grinder for 6 turns
  4163 | D:4      | Killed Grinder
  4163 | D:4      | Reached XP level 8. HP: 64/64 MP: 3/3
  4448 | D:4      | Found a shadowy altar of Dithmenos.
  4448 | D:4      | Found a shattered altar of Ashenzari.
  4600 | D:5      | Entered Level 5 of the Dungeon
  4741 | D:5      | Reached skill level 12 in Axes
  5112 | D:5      | Reached skill level 13 in Axes
  5303 | D:5      | Noticed Natasha
  5312 | D:5      | Killed Natasha
  5432 | D:5      | Noticed Jessica
  5433 | D:5      | Found a sparkling altar of Nemelex Xobeh.
  5447 | D:5      | Killed Jessica
  5707 | D:4      | Bought a runed war axe for 63 gold pieces
  5859 | D:6      | Reached XP level 9. HP: 60/70 MP: 4/4
  6023 | D:6      | Reached skill level 14 in Axes
  6594 | D:6      | Found a staircase to the Ecumenical Temple.
  7708 | D:7      | Reached skill level 15 in Axes
  8748 | D:8      | Reached skill level 16 in Axes
  8840 | D:8      | Noticed a cyclops
  8849 | D:8      | Killed a cyclops
  8849 | D:8      | Reached XP level 10. HP: 32/77 MP: 4/4
  9249 | D:8      | Received a gift from Trog
  9250 | D:8      | Got a bloodstained battleaxe {god gift}
  9289 | D:8      | Identified the +2,+10 battleaxe of Impatience {vamp, rF+ MR+} (Trog gifted it to you on level 8 of the Dungeon)
  9952 | Temple   | Entered the Ecumenical Temple
 10093 | D:9      | Reached skill level 4 in Fighting
 10136 | D:9      | Noticed a moth of wrath
 10139 | D:9      | Found a bloodstained altar of Trog.
 10186 | D:9      | Received a gift from Trog
 10186 | D:9      | Reached skill level 3 in Armour
 10329 | D:9      | Reached skill level 4 in Armour
 10436 | D:9      | Reached skill level 5 in Fighting
 10551 | D:9      | Found a burning altar of Makhleb.
 10750 | D:10     | Entered Level 10 of the Dungeon
 10760 | D:10     | Reached skill level 5 in Armour
 10764 | D:10     | Reached skill level 6 in Fighting
 10932 | D:10     | Noticed a hill giant
 10945 | D:10     | Killed a hill giant
 10945 | D:10     | Reached skill level 7 in Fighting
 10945 | D:10     | Reached skill level 6 in Armour
 11142 | D:10     | Noticed a hill giant
 11154 | D:10     | Killed a hill giant
 11154 | D:10     | Reached skill level 7 in Armour
 11271 | D:10     | Paralysed by a giant eyeball for 4 turns
 11418 | D:10     | Reached XP level 11. HP: 77/94 MP: 4/4
 11573 | D:10     | Found a staircase to the Lair.
 11757 | D:10     | Killed an unseen horror
 11757 | D:10     | Reached skill level 8 in Fighting
 12305 | D:10     | Reached skill level 8 in Armour
 12348 | Lair:1   | Entered Level 1 of the Lair of Beasts
 12348 | Lair:1   | Found a deep blue altar of Sif Muna.
 12383 | Lair:1   | Noticed Gastronok
 12409 | Lair:1   | Killed Gastronok
 12409 | Lair:1   | Reached skill level 9 in Fighting
 12409 | Lair:1   | Reached skill level 9 in Armour
 13269 | Lair:1   | Reached skill level 10 in Fighting
 13430 | Lair:1   | Reached skill level 10 in Armour
 13475 | Lair:1   | Received a gift from Trog
 13793 | Lair:2   | Reached skill level 11 in Fighting
 14337 | Lair:2   | Noticed Nergalle
 14365 | Lair:2   | Killed Nergalle
 14534 | Lair:2   | Noticed a six-headed hydra
 14548 | Lair:2   | Killed a 13-headed hydra
 14548 | Lair:2   | Reached skill level 11 in Armour
 14548 | Lair:2   | Reached XP level 12. HP: 91/110 MP: 5/5
 15319 | Lair:3   | Noticed an eight-headed hydra
 15331 | Lair:3   | Killed a 13-headed hydra
 15612 | Lair:3   | Received a gift from Trog
 15663 | Lair:3   | Reached skill level 12 in Fighting
 16332 | Lair:3   | Reached skill level 12 in Armour
 16553 | Lair:3   | Gained mutation: You tend to lose your temper in combat. [potion of mutation]
 16553 | Lair:3   | Gained mutation: You digest meat inefficiently. [potion of mutation]
 16553 | Lair:3   | Gained mutation: Armour fits poorly on your strangely shaped body. [potion of mutation]
 17352 | Lair:4   | Received a gift from Trog
 17353 | Lair:4   | Got an ichor-stained sling {god gift}
 17370 | Lair:4   | Got an agate-encrusted ring mail
 18056 | Lair:4   | Noticed a four-headed hydra
 18067 | Lair:4   | Killed a ten-headed hydra
 18067 | Lair:4   | Reached skill level 13 in Fighting
 18335 | Lair:5   | Found a staircase to the Shoals.
 18347 | Lair:5   | Reached skill level 13 in Armour
 18604 | Lair:5   | Found a staircase to the Snake Pit.
 19035 | Lair:5   | Identified the cursed -3 ring mail "Cauhi" {rElec rPois Str+4} (You found it on level 4 of the Lair of Beasts)
 19426 | Lair:6   | Identified the +8,+2 sling of Fesucvis {flame, +Blink rF+} (Trog gifted it to you on level 4 of the Lair of Beasts)
 19442 | Lair:6   | Noticed Erica
 19449 | Lair:6   | Killed Erica
 20443 | Lair:7   | Reached XP level 13. HP: 123/123 MP: 5/5
 20445 | Lair:7   | Reached skill level 14 in Fighting
 20446 | Lair:7   | Received a gift from Trog
 20453 | Lair:7   | Got a fine great sword {god gift}
 20492 | Lair:7   | Identified the +8,+1 great sword "Naskyadd" {venom, rPois Int+2} (Trog gifted it to you on level 7 of the Lair of Beasts)
 20910 | Lair:7   | Reached skill level 14 in Armour
 20915 | Lair:7   | Received a gift from Trog
 21021 | Lair:8   | Entered Level 8 of the Lair of Beasts
 21026 | Lair:8   | Found a staircase to the Slime Pits.
 21201 | Lair:8   | Noticed a dire elephant
 21210 | Lair:8   | Killed a dire elephant
 21266 | Lair:8   | Reached skill level 15 in Fighting
 21271 | Lair:8   | Reached skill level 15 in Armour
 21447 | Lair:8   | Reached skill level 17 in Axes
 21802 | Lair:8   | Found a burning altar of Makhleb.
 21836 | Lair:8   | HP: 31/126 [red devil/trident (10)]
 21842 | Lair:8   | HP: 20/126 [poisoned by an orange demon]
 21846 | Lair:8   | HP: 7/126 [red devil/trident (14)]
 21847 | Lair:8   | Slain by a red devil

Action                   |  1- 3 |  4- 6 |  7- 9 | 10-12 | 13-15 || total
-------------------------+-------+-------+-------+-------+-------++-------
Melee: Hand axe          |    46 |   116 |   164 |       |       ||   326
       War axe           |       |       |   175 |    20 |       ||   195
       Broad axe         |       |       |     4 |       |       ||     4
       Battleaxe         |       |       |       |   684 |   202 ||   886
Throw: Dart              |    33 |   130 |   284 |   519 |     1 ||   967
       Javelin           |       |       |       |    55 |       ||    55
       Tomahawk          |       |       |       |    35 |       ||    35
Invok: Berserk           |       |     1 |     5 |     5 |     3 ||    14
       Burn Spellbooks   |       |       |       |     5 |     2 ||     7
Evoke: Wand              |       |       |       |     4 |       ||     4
       Fan of gales      |       |       |       |     1 |       ||     1
  Use: Scroll            |       |     1 |    14 |    15 |     1 ||    31
       Potion            |       |       |     2 |     8 |     3 ||    13

Vault maps used:
D:1:      dpeg_arrival_radiant
D:3:      first_bread, uniq_sigmund
D:4:      gammafunk_temple_overflow_wave, serial_shops, shop_fountains, shop,
          shop, shop, lightli_minifort, uniq_grinder, uniq_edmund,
          uniq_eustachio
D:5:      nemelex_lonely_heart_becter, uniq_natasha
D:6:      temple_statues
D:8:      grunt_pizzeria, minmay_hollow_rounded_squares
D:9:      kennysheep_mini_moat, tgw_trog
D:10:     erik_lair_island
Temple:   circular_temple_12
Lair:1:   basic_altar, infiniplex_staircase_pool, serial_bayou_shore_a,
          uniq_gastronok
Lair:2:   uniq_nergalle
Lair:3:   wad_woods_road_06
Lair:4:   minivault_27, fungi_pond_lemuel
Lair:5:   elwin_shoals_entry_stream, minmay_snake_entry_guardpost_small,
          serial_forest, infiniplex_forest_end_1, infiniplex_forest_pool,
          infiniplex_forest_lined_3, infiniplex_forest_straight_3,
          infiniplex_forest_straight_4, infiniplex_forest_side_room,
          infiniplex_forest_clump_small, infiniplex_forest_straight_3,
          minmay_holes
Lair:6:   uniq_erica
Lair:8:   evil_forest, nicolae_slime_entry_slimehenge, serial_bayou_pond_d

Table legend:
 A = Turns spent in this place as a percentage of turns spent in the entire game.
 B = Non-inter-level travel turns spent in this place as a percentage of non-inter-level travel turns spent in the entire game.
 C = Inter-level travel turns spent in this place as a percentage of turns spent in this place.
 D = Turns resting spent in this place as a percentage of non-inter-level travel turns spent in this place.
 E = Turns spent auto-exploring this place as a percentage of non-inter-level travel turns spent in this place.
 F = Non-inter-level travel turns spent in this place divided by the number of levels of this place that you've seen.
                   A       B       C       D       E      F
               +-------+-------+-------+-------+-------+----------------------
         Total | 100.0 | 100.0 |   0.4 |   2.1 |   7.7 | 484.1
       Dungeon |  52.2 |  52.2 |   0.5 |   2.2 |   6.9 | 480.4
        Temple |   0.8 |   0.7 |   4.2 |   0.0 |   1.5 |  68.0
          Lair |  47.0 |  47.0 |   0.4 |   2.0 |   8.8 | 540.6
               +-------+-------+-------+-------+-------+----------------------

Table legend:
 A = Kills in this place as a percentage of kills in entire the game.
 B = Kills by you in this place as a percentage of kills by you in the entire game.
 C = Kills by friends in this place as a percentage of kills by friends in the entire game.
 D = Other kills in this place as a percentage of other kills in the entire game.
 E = Experience gained in this place as a percentage of experience gained in the entire game.
 F = Experience gained in this place divided by the number of levels of this place that you have seen.
                   A       B       C       D       E      F
               +-------+-------+-------+-------+-------+----------------------
         Total | 100.0 | 100.0 |  -nan | 100.0 | 100.0 | 3101.9
       Dungeon |  47.3 |  47.4 |  -nan |   0.0 |  21.7 | 1276.4
          Lair |  52.7 |  52.6 |  -nan | 100.0 |  78.3 | 5771.5
               +-------+-------+-------+-------+-------+----------------------
